 Dungeon Crawl Stone Soup version 0.24-a0-22-g2a401c0 (console) character file.

Game seed: 888024615983075390

2211 Duffy the Cleaver (level 9, 13/109 HPs)
             Began as a Naga Gladiator on Feb 1, 2019.
             Quit the game on level 2 of the Abyss.
             The game lasted 00:05:57 (4617 turns).

Duffy the Cleaver (Naga Gladiator)                  Turns: 4617, Time: 00:05:58

Health: 13/109     AC: 24    Str: 20    XL:     9   Next: 35%
Magic:  9/9        EV:  1    Int:  9    God:
Gold:   129        SH:  0    Dex: 16    Spells: 8/8 levels left

rFire    . . .     SeeInvis +   a - +0 war axe
rCold    + . .     Gourm    .   (no shield)
rNeg     + + +     Faith    .   (armour currently unavailable)
rPois    +         Spirit   .   (helmet currently unavailable)
rElec    .         Reflect  .   (cloak currently unavailable)
rCorr    .         Harm     +   (gloves currently unavailable)
MR       +....     NoTele   +   (no barding)
Stlth    +.........             x - amulet of harm
HPRegen  0.28/turn              u - +4 ring of dexterity
MPRegen  0.11/turn              y - ring of protection from cold

@: mildly poisoned (13 -> 12), tree-form
A: large, see invisible, slow metabolism 1, spit poison 1, AC +3
a: Spit Poison


You were on level 2 of the Abyss.
You were hungry.
You were a tree.
You visited 1 branch of the dungeon, and saw 7 of its levels.
You visited the Abyss 1 time.
You also visited: Ossuary.

You collected 129 gold pieces.

Inventory:

Hand Weapons
 a - a +0 war axe (weapon)
Missiles
 d - 3 throwing nets (quivered)
Armour
 b - a +0 leather armour
 c - a +0 helmet (melded)
 g - a scarf of resistance
 n - the +2 cloak of Beauty (melded) {*Drain Dex+5}
   (You found it on level 4 of the Dungeon)

   It affects your dexterity (+5).
   It causes draining when unequipped.
 p - a +0 ring mail
 A - a +0 chain mail
 B - a +0 pair of gloves
 C - a +0 chain mail of poison resistance
 D - a +0 plate armour (melded)
 E - a +1 pair of gloves of archery (melded)
Jewellery
 k - an uncursed ring of ice
 u - a +4 ring of dexterity (left branch)
 x - an amulet of harm (around neck)
 y - a ring of protection from cold (right branch)
Wands
 z - a wand of acid (12)
 G - a wand of flame (32)
Scrolls
 e - 2 scrolls of identify
 i - 2 scrolls of enchant armour
 j - 2 scrolls of blinking
 m - 3 scrolls of remove curse
 I - a scroll of immolation
Potions
 h - a potion of brilliance {unknown}
 l - a potion of heal wounds
 q - a potion of curing {unknown}
 r - a potion of degeneration
 s - a potion of resistance {unknown}
 v - 2 potions of haste {unknown}
 w - 2 potions of cancellation {unknown}
 F - 2 potions of might {unknown}
 H - a potion of mutation {unknown}
Comestibles
 f - 9 rations


   Skills:
 - Level 2.0 Fighting
 + Level 10.6 Axes
 - Level 1.7 Throwing
 + Level 5.2 Armour
 - Level 2.4 Dodging


You had 8 spell levels left.
You didn't know any spells.
Your spell library contained the following spells:

 Spells                   Type           Power        Failure   Level  Hunger
 Magic Dart               Conj           #...         38%         1    ##.....
 Searing Ray              Conj           #.....       52%         2    ###....
 Dazzling Spray           Conj/Hex       #.....       77%         3    ####...
 Force Lance              Conj/Tloc      #.......     99%         4    #####..
 Fulminant Prism          Conj/Hex       #.........   99%         4    #####..
 Iskenderun's Mystic Bla  Conj           #.......     99%         4    #####..


Dungeon Overview and Level Annotations

Branches:
Dungeon (7/15)
 Temple: D:4-7

Altars:
Ashenzari
Fedhas
Ru
Vehumet


Innate Abilities, Weirdness & Mutations

You cannot wear boots.
((Your serpentine skin is tough. (AC +3)))
You have supernaturally acute eyesight. (SInv)
((Armour fits poorly on your strangely shaped body.))
((Your system is resistant to poisons. (rPois)))
((You cover ground very slowly.))
You have a slow metabolism.
You can spit poison.


Message History

You are too injured to fight recklessly!
You are too injured to fight recklessly!
You are too injured to fight recklessly!
You barely miss the big kobold.
The big kobold hits you with a +1 whip of distortion.
Space bends around you.
You slash the big kobold!
The big kobold is heavily wounded.
You feel sick.
The big kobold hits you but does no damage.
Space warps horribly around you!
You hit the big kobold.
The big kobold is heavily wounded.
The big kobold hits you but does no damage.
You are cast into the Abyss!
To return, you must find a gate leading back.
Killing monsters will force the Abyss to allow you passage.
This branch contains the abyssal rune of Zot.
Unknown command.
Are you sure you want to abandon this character and quit the game? (Confirm with "yes".)

....#. ..#
..... ..## #
.... #... ..
... ... .#. ..
#.. ..#....
....#..#.......
...........#
#7..# ##..#
..... ###....
... .. .


There were no monsters in sight!

Vanquished Creatures
  The ghost of Ratty the Charmwright, a novice HuSk of Cheibriados (D:6)
  2 sky beasts (D:5)
  An orc warrior (D:6)
  A phantom (D:6)
  A centaur (D:5)
  3 bullfrogs (D:6)
  A scorpion (D:6)
  3 water moccasin zombies (Ossuary)
  8 wights
  A hound (D:5)
  3 bullfrog skeletons
  A gnoll shaman (D:7)
  An orc wizard (D:6)
  A centaur skeleton (D:5)
  4 worker ants
  5 big kobold zombies (Ossuary)
  A hound skeleton (D:3)
  2 mummies (Ossuary)
  9 gnolls
  2 howler monkey skeletons
  2 adders
  A shadow imp (D:7)
  An ooze (D:3)
  3 adder zombies (Ossuary)
  A dart slug (D:3)
  2 leopard geckos
  3 orcs (D:6)
  2 bats
  5 giant cockroaches
  2 goblins
  9 jackals
  A kobold (D:3)
  2 quokkas
  3 frilled lizards
  7 gnoll zombies (Ossuary)
  4 hobgoblin zombies (Ossuary)
  4 kobold zombies (Ossuary)
  2 leopard gecko zombies (D:5)
  4 orc zombies (Ossuary)
  A quokka skeleton (D:4)
  2 quokka zombies
  2 rats (D:1)
114 creatures vanquished.

Notes
Turn   | Place    | Note
-------+----------+-------------------------------------------
     0 | D:1      | Duffy the Naga Gladiator began the quest for the Orb.
     0 | D:1      | Reached XP level 1. HP: 19/19 MP: 1/1
    31 | D:1      | Reached XP level 2. HP: 10/26 MP: 2/2
   450 | D:2      | Found a blossoming altar of Fedhas.
   537 | D:3      | Reached skill level 4 in Axes
   537 | D:3      | Reached XP level 3. HP: 17/32 MP: 3/3
   919 | D:4      | Got a crude cloak
   930 | D:4      | Identified the +2 cloak of Beauty {*Drain Dex+5} (You found
                  | it on level 4 of the Dungeon)
   943 | D:4      | Reached skill level 5 in Axes
   943 | D:4      | Reached XP level 4. HP: 23/39 MP: 4/4
  1034 | D:4      | Found a sand-covered staircase.
  1044 | Ossuary  | Entered an ossuary
  1133 | Ossuary  | Reached XP level 5. HP: 27/45 MP: 5/5
  1146 | Ossuary  | Reached skill level 6 in Axes
  1391 | Ossuary  | Reached XP level 6. HP: 48/52 MP: 6/6
  1463 | Ossuary  | Reached skill level 7 in Axes
  2032 | D:5      | Entered Level 5 of the Dungeon
  2096 | D:5      | Reached XP level 7. HP: 60/60 MP: 7/7
  2195 | D:5      | Found a sacrificial altar of Ru.
  2232 | D:5      | Reached skill level 8 in Axes
  2456 | D:5      | Reached skill level 1 in Armour
  2711 | D:6      | Reached skill level 9 in Axes
  2711 | D:6      | Reached XP level 8. HP: 67/67 MP: 8/8
  2967 | D:6      | Found a runed translucent gate.
  3268 | D:6      | Found a shattered altar of Ashenzari.
  3274 | D:6      | Found a radiant altar of Vehumet.
  3455 | D:6      | Found a runed translucent gate.
  3455 | D:6      | Found a runed translucent gate.
  3456 | D:6      | Noticed Ratty's ghost (novice HuSk)
  3568 | D:7      | Reached skill level 10 in Axes
  3592 | D:7      | Reached XP level 9. HP: 62/73 MP: 9/9
  4612 | D:6      | Killed Ratty's ghost
  4612 | D:6      | Reached skill level 5 in Armour
  4616 | D:6      | Cast into level 2 of the Abyss (big kobold)
  4617 | Abyss:2  | Quit the game

Vault maps used:
D:1:      sevenhm_arrival_forest_fort_small_4, due_unseen_surprise
D:2:      chequers_ecumenical_altar_island, fedhas_altar_1
D:4:      nicolae_ossuary_entry_monument
D:5:      nicolae_ru_path_of_blood, first_ration
D:6:      amethyst_overflow_temple_binary, gammafunk_ghost_nasty_kobolds
D:7:      kennysheep_little_box, temple_fountains
Ossuary:  ossuary_tomb_2

Skill      XL: |  1  2  3  4  5  6  7  8  9 |
---------------+----------------------------+-----
Axes           | 4 5 6 7 9 10 | 10.6
Armour         | 1 4 5 |  5.2
Fighting       | |  2.0
Throwing       | |  1.7
Dodging        | |  2.4

Action                   |  1- 3 |  4- 6 |  7- 9 || total
-------------------------+-------+-------+-------++-------
Melee: War axe           |    67 |   178 |   188 ||   433
       Unarmed           |       |       |    11 ||    11
 Abil: Spit Poison       |     1 |     2 |     7 ||    10
  Use: Potion            |       |       |     6 ||     6
       Scroll            |       |       |     6 ||     6
  Eat: Ration            |       |     1 |       ||     1
       Chunk             |       |       |     6 ||     6
Armor: Leather armour    |    30 |     5 |       ||    35
       Ring mail         |       |    83 |    15 ||    98
       Chain mail        |       |       |    40 ||    40
       Skin              |       |       |    39 ||    39
       Plate armour      |       |       |    86 ||    86
Dodge: Dodged            |    61 |    66 |    62 ||   189

Table legend:
 A = Non-vault XP
 B = Vault XP
 C = Vault XP percentage of total XP
 D = Non-vault monster count
 E = Vault monster count
 F = Vault count percentage of total count
                 A         B        C        D         E       F
            +---------+---------+-------+---------+---------+-------
      Total |    2144 |    1015 |  32.1 |      81 |      33 |  28.9
            +---------+---------+-------+---------+---------+-------
        D:1 |      24 |       0 |   0.0 |       7 |       0 |   0.0
        D:2 |       3 |       0 |   0.0 |       2 |       0 |   0.0
        D:3 |      37 |       0 |   0.0 |       7 |       0 |   0.0
        D:4 |     101 |       0 |   0.0 |      12 |       0 |   0.0
        D:5 |     569 |       0 |   0.0 |      16 |       0 |   0.0
        D:6 |    1061 |     578 |  35.3 |      25 |       1 |   3.8
        D:7 |     349 |       0 |   0.0 |      12 |       0 |   0.0
    Ossuary |       0 |     437 | 100.0 |       0 |      32 | 100.0
            +---------+---------+-------+---------+---------+-------
